 Dungeon Crawl Stone Soup version 0.30-a0-986-g7f2e898f52 (webtiles) character file.

Game seed: 1479258731737729472

61 PostNTower the Covered (level 3, -3/33 HPs)
             Began as a Minotaur Fighter on Apr 1, 2023.
             Was an Initiate of Ashenzari.
             Killed from afar by an orc wizard (5 damage)
             ... with a magic dart
             ... on level 2 of the Dungeon.
             The game lasted 00:05:14 (1445 turns).

PostNTower the Covered (Minotaur Fighter)           Turns: 1445, Time: 00:05:14

Health: -3/33      AC:  7    Str: 20    XL:     3   Next: 83%
Magic:  2/2        EV:  9    Int:  5    God:    Ashenzari [......]
Gold:   103        SH:  4    Dex: 11    Spells: 2/2 levels left

rFire   . . .      SeeInvis .    a - +0 long sword
rCold   . . .      Faith    .    c - +0 buckler
rNeg    . . .      Spirit   .    b - +0 scale mail
rPois   .          Reflect  .    (helmet restricted)
rElec   .          Rampage  .    (no cloak)
rCorr   .                        (no gloves)
Will    .....                    (no boots) Stlth
                                 (no amulet)
HPRegen 0.25/turn                (no ring)
MPRegen 0.08/turn                (no ring)

@: mighty
A: horns 2, retaliatory headbutt
a: Renounce Religion, Curse Item


You were on level 2 of the Dungeon.
You worshipped Ashenzari.
Ashenzari was noncommittal.
You visited 1 branch of the dungeon, and saw 2 of its levels.

You collected 103 gold pieces.

Inventory:

Hand Weapons
 a - a +0 long sword (weapon)
Armour
 b - a +0 scale mail (worn)
 c - a +0 buckler (worn)
Scrolls
 f - a scroll of identify
Potions
 d - a potion of might
 e - 2 potions of brilliance {unknown}
 g - a potion of cancellation {unknown}
 h - a potion of invisibility {unknown}
 i - a potion of degeneration {unknown}
 j - a potion of attraction


   Skills:
 + Level 4.2 Fighting
 + Level 3.4 Long Blades
 + Level 4.3 Armour
 + Level 0.2 Dodging
 + Level 0.7 Stealth
 + Level 3.9 Shields


You had 2 spell levels left.
You didn't know any spells.
Your spell library contained the following spells:

 Spells                   Type           Power      Damage    Failure   Level
 Freeze                   Ice            0%         1d3       88%         1
 Frozen Ramparts          Ice            0%         1d1       99%         3
 Hailstorm                Conj/Ice       0%         3d3       99%         3


Dungeon Overview and Level Annotations

Branches:
Dungeon (2/15)

Altars:
Ashenzari


Innate Abilities, Weirdness & Mutations

You have a pair of horns on your head.
You reflexively headbutt those who attack you in melee.


Message History

The puff of flame hits you.
Press: ? - help, . - travel You can't see that place. [the floor.] Unknown command.
A puff of flame appears from out of thin air!
The puff of flame hits you.
Okay, then.
You drop a scroll labelled IPUXTAEGUNT.
Okay, then.
No item to drop.
You feel better.
You feel very mighty all of a sudden. Something hits you but does no damage.
You barely miss something. The orc barely misses you.
You hear some strange, mumbled words.
You are confused.
Something hits you but does no damage. The orc barely misses you.
You bump into the rock wall.
The orc hits you from afar with a +0 trident.
Something hits you.
You bump into the rock wall.
The orc barely misses you. Something hits you.
You bump into the rock wall.
The orc barely misses you. Something hits you.
You bump into the rock wall.
The orc closely misses you. Something hits you.
You closely miss something.
The orc hits you from afar with a +0 trident.
Something hits you but does no damage.
You're too confused to move!
The orc misses you. Something hits you.
You feel less confused.
You miss something. Something hits you but does no damage.
You barely miss something. Your headbutt misses something.
The orc hits you from afar with a +0 trident.
* * * LOW HITPOINT WARNING * * *
Something hits you but does no damage. Something hits you.
* * * LOW HITPOINT WARNING * * *
Okay, then.
A magic dart appears from out of thin air!
The magic dart hits you.
You die...

#.# #o# #.# #o#
#.# #{# #.#
#.#######
#ooo{.@.# #######
#######[#
#.###.....) #.#
#.......... #.#
#####...... #.#
#...... #.#
#......
#.#########......
#................
###########......


You could see 3 orcs.

Vanquished Creatures
  2 adders (D:2)
  2 dart slugs (D:1)
  2 orcs (D:2)
  3 bats
  7 endoplasms
  A giant cockroach (D:2)
  A goblin (D:1)
  4 hobgoblins
  2 jackals (D:1)
  3 kobolds
  2 quokkas (D:1)
  A ball python (D:2)
  A frilled lizard (D:1)
  3 rats
34 creatures vanquished.

Notes
Turn   | Place    | Note
-------+----------+-------------------------------------------
     0 | D:1      | PostNTower the Minotaur Fighter began the quest for the
                  | Orb.
     0 | D:1      | Reached XP level 1. HP: 19/19 MP: 0/0
   152 | D:1      | Reached XP level 2. HP: 27/27 MP: 1/1
  1069 | D:2      | Reached XP level 3. HP: 33/33 MP: 2/2
  1293 | D:2      | Found a faded altar of an unknown god.
  1304 | D:2      | Prayed at the altar of an unknown god.
  1304 | D:2      | Became a worshipper of Ashenzari the Shackled
  1444 | D:2      | HP: 1/33 [something (4)]
  1445 | D:2      | Killed from afar by an orc wizard

Illustrated notes

Levels and vault maps discovered:
D:1:      lightli_arrival_chessboard, layout_loops_corners, glass_columns_b
D:2:      layout_basic, hellmonk_ecumenical_altar_crossroads,
          nicolae_concentric_dashed_squares_wild

Skill      XL: |  1  2 |
---------------+-------+-----
Fighting       | 4 |  4.2
Armour         | 4 |  4.3
Long Blades    | 3 |  3.4
Dodging        | |  0.2
Stealth        | |  0.7
Shields        | |  3.9

Action                     || total
---------------------------++-------
  Melee: Long sword        ||    72
         Headbutt          ||     8
    Use: Scroll            ||     3
         Potion            ||     2
 Armour: Scale mail        ||    34
  Dodge: Dodged            ||    38
  Block: Buckler           ||    15

Table legend: (Time is in decaauts)
 A = Elapsed time spent in this place.
 B = Non-inter-level travel time spent in this place.
 C = Inter-level travel time spent in this place.
 D = Time resting spent in this place.
 E = Time spent auto-exploring this place.
 F = Levels seen in this place.
 G = Mean time per level.
                   A        B        C        D        E       F      G
               +--------+--------+--------+--------+--------+-----+--------+
         Total |   1465 |   1311 |    154 |      0 |   1047 |   2 |  732.5 |
       Dungeon |   1465 |   1311 |    154 |      0 |   1047 |   2 |  732.5 |
               +--------+--------+--------+--------+--------+-----+--------+

Top non-repeatable levels by time:
     D:1: 1070 daAuts
     D:2: 394 daAuts
